 Dungeon Crawl Stone Soup version 0.26.1-2-gb8aa6d0cf2 (webtiles) character file.

Game seed: 8133386266693359904

22 Gadfly the Skirmisher (level 3, -1/29 HPs)
             Began as a Formicid Abyssal Knight on Feb 10, 2021.
             Was a Follower of Lugonu.
             Slain by a centaur (3 damage)
             ... on level 2 of the Dungeon.
             The game lasted 00:01:41 (1121 turns).

Gadfly the Skirmisher (Formicid Abyssal Knight)     Turns: 1121, Time: 00:01:43

Health: -1/29      AC:  9    Str: 17    XL:     3   Next: 7%
Magic:  4/4        EV:  7    Int: 11    God:    Lugonu [*.....]
Gold:   87         SH:  0    Dex: 10    Spells: 2/2 levels left

rFire    . . .     SeeInvis +   a - +1 hand axe
rCold    . . .     Faith    .   (no shield)
rNeg     . . .     Spirit   .   g - +0 chain mail
rPois    .         Reflect  .   (helmet unavailable)
rElec    .         Harm     .   d - +0 cloak
rCorr    .         Rampage  .   (no gloves)
Will     .....                  (no boots)
Stlth    ..........             (no amulet)
HPRegen  0.09/turn              (no ring)
MPRegen  0.09/turn              (no ring)

@: no status effects
A: permanent stasis, dig shafts and tunnels, four strong arms, antennae 3
a: Dig, Shaft Self, Renounce Religion, Depart the Abyss


You were on level 2 of the Dungeon.
You worshipped Lugonu.
Lugonu was aware of your devotion.
You visited 1 branch of the dungeon, and saw 2 of its levels.
You visited the Abyss 1 time.

You collected 87 gold pieces.

Inventory:

Hand Weapons
 a - a +1 hand axe (weapon)
Armour
 d - a +0 cloak (worn)
 g - a +0 chain mail (worn)
Scrolls
 b - a scroll of teleportation {unknown}
 e - a scroll of identify
Potions
 f - a potion of cancellation
 h - a potion of flight


   Skills:
 - Level 3.2 Fighting
 * Level 2.4 Axes
 + Level 2.3 Armour
 - Level 0.8 Dodging
 * Level 1.2 Shields
 + Level 2.4 Invocations
 * Level 1.1 Evocations


You had 2 spell levels left.
You didn't know any spells.
Your spell library was empty.

Dungeon Overview and Level Annotations

Branches:
Dungeon (2/15)

Altars:


Innate Abilities, Weirdness & Mutations

You cannot be hasted, slowed, berserked, paralysed or teleported.
You can dig through walls and to a lower floor.
Your four strong arms can wield two-handed weapons with a shield.
You have a pair of large antennae on your head. (SInv)


Message History

You are too injured to fight recklessly!
You are too injured to fight recklessly!
You are too injured to fight recklessly!
You hit the centaur.
The centaur is severely wounded.
The centaur hits you.
The centaur hits you but does no damage.
You hit the centaur but do no damage.
The centaur is severely wounded.
The centaur hits you!
* * * LOW HITPOINT WARNING * * *
The centaur closely misses you.
You barely miss the centaur.
The centaur is severely wounded.
The centaur hits you but does no damage. x2
Okay, then.
You closely miss the centaur.
The centaur is severely wounded.
The centaur hits you.
You die...

#.......
#$......
#......#
#....(.#
#......#
#...รท.(####..
#....<......#
#....(..#####
#....@..#
#....c[.#
#.......#
#........?
########.## .#
.. ##


You could see a centaur.

Vanquished Creatures
  An adder (D:2)
  A leopard gecko (D:1)
  A goblin (D:1)
  A hobgoblin (D:1)
  A ball python (D:1)
  A bat (D:1)
  5 kobolds
  3 rats
14 creatures vanquished.

Notes
Turn   | Place    | Note
-------+----------+-------------------------------------------
     0 | Abyss:1  | Gadfly the Formicid Abyssal Knight began the quest for the
                  | Orb.
     0 | Abyss:1  | Reached XP level 1. HP: 18/18 MP: 2/2
    29 | D:1      | Escaped the Abyss
   450 | D:1      | Reached XP level 2. HP: 24/24 MP: 3/3
   901 | D:2      | Noticed a centaur
   904 | D:2      | Reached skill level 1 in Shields
   904 | D:2      | Reached skill level 1 in Evocations
   904 | D:2      | Reached XP level 3. HP: 11/29 MP: 4/4
  1121 | D:2      | Slain by a centaur

Illustrated notes

Levels and vault maps discovered:
D:1:      minmay_arrival_glassed_features, layout_basic
D:2:      layout_rooms, minmay_misc_feat_rugged, tso_metal_star

Skill      XL: |  1  2 |
---------------+-------+-----
Shields        | 1 |  1.2
Evocations     | 1 |  1.1
Fighting       | |  3.2
Axes           | |  2.4
Armour         | |  2.3
Dodging        | |  0.8
Invocations    | |  2.4

Action                   || total
-------------------------++-------
Melee: Hand axe          ||    50
  Use: Scroll            ||     5
Armor: Leather armour    ||     4
       Chain mail        ||    37
Dodge: Dodged            ||    22
